 Dungeon Crawl Stone Soup version 0.28.0 (webtiles) character file.

Game seed: 17750305524512039626

61 Strat the Magician (level 3, -1/27 HPs)
             Began as a Palentonga Hedge Wizard on Feb 8, 2022.
             Slain by Terence (15 damage)
             ... on level 2 of the Dungeon.
             The game lasted 00:05:28 (2727 turns).

Strat the Magician (Palentonga Hedge Wizard)        Turns: 2727, Time: 00:05:29

Health: -1/27      AC:  6    Str: 15    XL:     3   Next: 83%
Magic:  7/7        EV:  9    Int: 14    God:
Gold:   75         SH:  0    Dex:  9    Spells: 2/8 levels left

rFire   . . .      SeeInvis +   a - +0 spear
rCold   . . .      Faith    .   (no shield)
rNeg    . . .      Spirit   .   b - +0 robe
rPois   .          Reflect  .   c - +0 hat
rElec   .          Harm     .   l - +1 cloak
rCorr   .          Rampage  .   (no gloves)
Will    .....                   (no barding)
Stlth   +.........              i - amulet of magic regeneration
HPRegen 0.09/turn               (no ring)
MPRegen 0.50/turn               (no ring)

@: no status effects
A: large, rugged brown scales 3, see invisible, deformed body, roll 1, armoured
tail
a: Rolling Charge


You were on level 2 of the Dungeon.
You visited 1 branch of the dungeon, and saw 2 of its levels.

You collected 75 gold pieces.

Inventory:

Hand Weapons
 a - a +0 spear (weapon)
 f - a +0 dagger
 o - a +0 whip
Missiles
 k - 33 stones
Armour
 b - a +0 robe (worn)
 c - a +0 hat (worn)
 l - a +1 cloak (worn)
Jewellery
 i - an amulet of magic regeneration (around neck)
Scrolls
 g - a scroll of magic mapping {unknown}
 h - 3 scrolls of identify {unknown}
 n - a scroll of blinking {unknown}
Potions
 d - a potion of brilliance {unknown}
 j - a potion of haste {unknown}
 m - a potion of degeneration {unknown}


   Skills:
 + Level 1.1 Fighting
 - Level 1.5 Dodging
 - Level 1.2 Stealth
 - Level 3.0 Spellcasting
 - Level 2.0 Conjurations
 - Level 2.0 Summonings
 + Level 1.6 Translocations


You had 2 spell levels left.
You knew the following spells:

 Your Spells              Type           Power      Damage    Failure   Level
a - Magic Dart            Conj           28%        1d4       10%         1
b - Call Imp              Summ           7%         N/A       14%         2
c - Blink                 Tloc           12%        N/A       17%         2
d - Slow                  Hex            8%         N/A       22%         1

Your spell library contained the following spells:

 Spells                   Type           Power      Damage    Failure   Level
 Shock                    Conj/Air       16%        1d4       14%         1
 Conjure Flame            Conj/Fire      4%         6-21      38%         3
 Mephitic Cloud           Conj/Pois/Air  3%         N/A       45%         3
 Swiftness                Air            2%         N/A       54%         3
 Airstrike                Air            1%         N/A       91%         4


Dungeon Overview and Level Annotations

Branches:
Dungeon (2/15)

Altars:

Annotations:
D:2 Terence


Innate Abilities, Weirdness & Mutations

You are completely covered in rugged brown scales. (AC +3, +7% HP)
You have supernaturally acute eyesight. (SInv)
Armour fits poorly on your strangely shaped body.
You can roll at nearby foes to attack.
You have a long armoured tail.


Message History

You blink.
Casting: Blink (safe; 17% risk of failure)
Confirm with . or Enter, or press ? or * to list all spells.
A beastly little devil appears in a puff of flame.
Your crimson imp blinks!
Casting: Call Imp (safe; 14% risk of failure)
Confirm with . or Enter, or press ? or * to list all spells.
Aiming: Magic Dart (safe; 10% risk of failure)
Press: ? - help, Shift-Dir - straight line, f - Terence
Aim: Terence, wielding a +0 falchion and wearing a +0 scale mail (100% to hit)
The magic dart hits Terence.
Terence is lightly wounded.
Casting: Magic Dart (safe; 10% risk of failure)
Confirm with . or Enter, or press ? or * to list all spells.
Aiming: Magic Dart (safe; 10% risk of failure)
Press: ? - help, Shift-Dir - straight line, f/p - Terence
Aim: Terence, wielding a +0 falchion and wearing a +0 scale mail (lightly wounded, ally target, 100% to hit)
The magic dart hits Terence.
Terence is lightly wounded.
Casting: Magic Dart (safe; 10% risk of failure)
Confirm with . or Enter, or press ? or * to list all spells.
Aiming: Magic Dart (safe; 10% risk of failure)
Press: ? - help, Shift-Dir - straight line, f/p - Terence
Aim: Terence, wielding a +0 falchion and wearing a +0 scale mail (lightly wounded, ally target, 100% to hit)
The magic dart hits Terence but does no damage.
Terence is lightly wounded.
You feel stable enough to blink again.
You hit Terence but do no damage.
Your tail-slap misses Terence.
Terence is lightly wounded.
Terence hits you with a +0 falchion!
Your crimson imp blinks!
Terence drinks a potion.
Terence goes berserk!
Terence hits you with a +0 falchion.
* * * LOW HITPOINT WARNING * * *
As you read the scroll labelled MUAQYLL HIEGG, it crumbles to dust.
It is a scroll of enchant armour.
Your +0 cloak glows green for a moment.
Terence barely misses you. Terence hits you with a +0 falchion!
Ouch! That really hurt!
You die...

#.8.8.## #.## #######.._...# #.##
........8.8..#################.#.
......†...............[........#.
.......####.............########.
.......# #.............# #....#.
.......# #.............# #.##.#.
.#####.# #.....@.5.....# #.##.#.
.# #.# #####.@#..#..## #.#....
.#####.######..#...#...## #.####.
.##....##....#...#...#..###......
†..........#...#...#...#......#..
.##.######...#...#...#...######..
.##.######.#...#...#...#......#..
.##.#........#...#...#...####.#..
.##.#.#....#...#...#...#.# #.#..
.##.#.#......#...#...#...# #.#..


You could see Terence (berserk, ally target) and a friendly crimson imp
(summoned).

Vanquished Creatures
  An adder (D:2)
  3 dart slugs
  6 bats
  4 endoplasms
  2 goblins
  7 hobgoblins
  3 jackals (D:1)
  2 quokkas
  6 ball pythons
  2 frilled lizards (D:1)
  A kobold (D:2)
  4 rats
41 creatures vanquished.

Notes
Turn   | Place    | Note
-------+----------+-------------------------------------------
     0 | D:1      | Strat the Palentonga Hedge Wizard began the quest for the
                  | Orb.
     0 | D:1      | Reached XP level 1. HP: 13/13 MP: 4/4
    60 | D:1      | Reached skill level 1 in Conjurations
   603 | D:1      | Reached XP level 2. HP: 17/20 MP: 6/6
   652 | D:1      | Learned a level 2 spell: Call Imp
   655 | D:1      | Learned a level 2 spell: Blink
   909 | D:1      | Reached skill level 1 in Summonings
  1370 | D:1      | Reached XP level 3. HP: 25/25 MP: 5/7
  1797 | D:2      | Learned a level 1 spell: Slow
  2117 | D:2      | Noticed Terence
  2445 | D:2      | Found a faded altar of an unknown god.
  2470 | D:2      | Reached skill level 1 in Fighting
  2727 | D:2      | Slain by Terence

Illustrated notes

Levels and vault maps discovered:
D:1:      kilobyte_arrival_exit_the_forest, layout_basic, minmay_liquid_box
D:2:      layout_basic, chequers_ecumenical_altar_simple,
          hangedman_feature_mirror, hex_medium, st_stairs_5, uniq_terence

Skill      XL: |  1  2  3 |
---------------+----------+-----
Conjurations   | 2 |  2.0
Summonings     | 1 2 |  2.0
Fighting       | 1 |  1.1
Dodging        | |  1.5
Stealth        | |  1.2
Spellcasting   | |  3.0
Translocations | |  1.6

Action                   || total
-------------------------++-------
Melee: Dagger            ||    12
       Tailslap          ||     6
       Spear             ||    51
 Cast: Magic Dart        ||    77
       Call Imp          ||     3
       Blink             ||     2
  Use: Scroll            ||     1
 Stab: Sleeping          ||     1
Armor: Robe              ||    28
Dodge: Dodged            ||    20
